 Dungeon Crawl Stone Soup version 0.25.0-26-g0c896c7088 (console) character file.

Game seed: 427306480893184913

16 Colgate the Cudgeler (level 2, 29/29 HPs)
             Began as a Troll Berserker on July 1, 2020.
             Was a Follower of Trog.
             Got out of the dungeon alive.
             The game lasted 00:08:08 (360 turns).

Colgate the Cudgeler (Troll Berserker)               Turns: 360, Time: 00:08:09

Health: 29/29      AC:  6    Str: 24    XL:     2   Next: 37%
Magic:  1/1        EV: 10    Int:  3    God:    Trog [*.....]
Gold:   78         SH:  0    Dex:  9    Spells: 1/1 levels left

rFire    . . .     SeeInvis .   (no weapon)
rCold    . . .     Gourm    +   (no shield)
rNeg     . . .     Faith    .   b - +0 animal skin
rPois    .         Spirit   .   (helmet restricted)
rElec    .         Reflect  .   (no cloak)
rCorr    .         Harm     .   (gloves unavailable)
MR       .....                  (boots unavailable)
Stlth    +.........             (no amulet)
HPRegen  0.49/turn              (no ring)
MPRegen  0.07/turn              (no ring)

@: no status effects
A: large, unfitting armour, claws 3, fast metabolism 3, gourmand, regeneration
1, shaggy fur 1, tough skin 3
a: Berserk, Renounce Religion


You escaped.
You worshipped Trog.
Trog was aware of your devotion.
You were completely stuffed.

You visited 1 branch of the dungeon, and saw 1 of its levels.

You collected 78 gold pieces.

Inventory:

Hand Weapons
 a - a +0 mace
 e - a +0 spear
Missiles
 i - 6 stones (quivered)
Armour
 b - a +0 animal skin (worn)
 h - a +0 robe
Scrolls
 d - a scroll of amnesia {unknown}
 f - a scroll of enchant armour {unknown}
 g - a scroll of immolation {unknown}
Comestibles
 c - 3 rations
 j - a chunk of flesh


   Skills:
 + Level 2.5 Fighting
 + Level 3.1 Maces & Flails
 + Level 2.6 Dodging
 + Level 0.4 Unarmed Combat


You had one spell level left.
You didn't know any spells.
Your spell library was empty.

Dungeon Overview and Level Annotations

Branches:
Dungeon (1/15)

Altars:


Innate Abilities, Weirdness & Mutations

You are too large for most types of armour.
You have claws for hands.
Your metabolism is lightning-fast.
You like to eat raw meat.
Your natural rate of healing is unusually fast.
You are covered in fur. (AC +1)
You have extremely tough skin. (AC +3)


Message History

Press: ? - help, Shift-Dir - straight line, f/p - rat
Aim: a rat (heavily wounded)
Okay, then.
You scratch the rat but do no damage.
The rat is heavily wounded.
The rat bites you but does no damage.
You scratch the rat.
You kill the rat!
Trog accepts your kill.
i - 6 stones Eating one of 3 chunks of flesh.
You eat one of the 3 chunks of flesh.
This raw flesh tastes great.
Some of the chunks of flesh in your inventory have rotted away.
There is an open gate here.
There is an open door here.
There is an open door here.
There is a staircase leading out of the dungeon here.
Are you sure you want to leave the Dungeon?
This will make you lose the game!
Uppercase [Y]es or [N]o only, please.
Are you sure you want to leave the Dungeon?
This will make you lose the game!
You have escaped!

##.........####'''###............
...........##.......###..........
...........#.........##..........
...........#.........##.........
...........##.......###......##
####### ####'#### ###.... ##8.8##
#.. ###'### #.....# #.....#
+..@>.+ #.....# #.....# ###+###


There were no monsters in sight!

Vanquished Creatures
  A ball python (D:1)
  A giant cockroach (D:1)
  2 hobgoblins (D:1)
  4 jackals (D:1)
  2 kobolds (D:1)
  3 rats (D:1)
13 creatures vanquished.

Notes
Turn   | Place    | Note
-------+----------+-------------------------------------------
     0 | D:1      | Colgate the Troll Berserker began the quest for the Orb.
     0 | D:1      | Reached XP level 1. HP: 22/22 MP: 0/0
   170 | D:1      | Reached skill level 3 in Maces & Flails
   178 | D:1      | Reached XP level 2. HP: 9/29 MP: 1/1
   360 | D:$      | Got out of the dungeon alive.

Illustrated notes

Levels and vault maps discovered:
D:1:      shiori_arrival_elements, layout_basic

Skill      XL: |  1 |
---------------+----+-----
Maces & Flails | 3 |  3.1
Fighting       | |  2.5
Dodging        | |  2.6
Unarmed Combat | |  0.4

Action                   || total
-------------------------++-------
Melee: Unarmed           ||    35
Throw: Stone             ||    21
Invok: Berserk           ||     1
  Eat: Chunk             ||    10
Armor: Animal skin       ||    71
Dodge: Dodged            ||    94
